 Dungeon Crawl Stone Soup version 0.21.1-1-g345015f (webtiles) character file.

610 Fang the Chopper (level 7, 0/66 HPs)
             Began as a Gargoyle Berserker on June 6, 2018.
             Was a Priest of Trog.
             Slain by Pikel
             ... wielding a +2 whip of flaming
              (7 damage)
             ... on level 5 of the Dungeon.
             The game lasted 00:03:27 (3644 turns).

Fang the Chopper (Gargoyle Berserker)               Turns: 3644, Time: 00:03:28

Health: 0/66       AC:  7    Str: 28    XL:     7   Next: 43%
Magic:  7/7        EV: 13    Int:  7    God:    Trog [***...]
Gold:   262        SH:  0    Dex:  9    Spells: 6/6 levels left

rFire    . . .     SeeInvis .   a - +0 hand axe
rCold    . . .     Gourm    .   (no shield)
rNeg     + . .     Faith    .   b - +0 animal skin
rPois    ∞         Spirit   .   (no helmet)
rElec    +         Reflect  .   (no cloak)
rCorr    .         Harm     .   (no gloves)
MR       .....                  (no boots)
Stlth    ..........             (no amulet)
HPRegen  0.21/turn              (no ring)
MPRegen  0.10/turn              (no ring)

@: berserking, starving, very quick
A: negative energy resistance 1, electricity resistance, unbreathing,
petrification resistance, rot immunity, AC +4
a: Berserk, Trog's Hand, Burn Spellbooks, Renounce Religion


You were on level 5 of the Dungeon.
You worshipped Trog.
Trog was most pleased with you.
You were starving.

You visited 1 branch of the dungeon, and saw 5 of its levels.

You collected 262 gold pieces.

Inventory:

Hand Weapons
 a - a +0 hand axe (weapon)
Armour
 b - a +0 animal skin (worn)
Jewellery
 s - an uncursed ring of protection from cold {unknown}
Wands
 n - a wand of iceblast (5)
 p - a wand of digging (13)
Scrolls
 d - 3 scrolls of identify {unknown}
 f - 3 scrolls of teleportation {unknown}
 g - a scroll of fear {unknown}
 m - 4 scrolls of remove curse {unknown}
 q - 2 scrolls of enchant weapon {unknown}
 r - a scroll of fog {unknown}
Potions
 e - 3 potions of heal wounds {unknown}
 h - 3 potions of might {unknown}
 i - a potion of resistance {unknown}
 j - 4 potions of brilliance {unknown}
 k - 2 potions of curing {unknown}
 l - a potion of lignification {unknown}
 o - a potion of flight {unknown}
 t - a potion of cancellation {unknown}
 u - a potion of agility {unknown}
Comestibles
 c - 7 rations


   Skills:
 + Level 4.5 Fighting
 + Level 5.5 Axes
 + Level 2.5 Armour
 + Level 3.8 Dodging
 + Level 2.0 Stealth


You had 6 spell levels left.
You didn't know any spells.

Dungeon Overview and Level Annotations

Branches:
Dungeon (5/15)
 Temple: D:4-7

Altars:
Makhleb
Xom

Annotations:
D:5 Pikel


Innate Abilities, Weirdness & Mutations

You are resistant to torment.
Your stone body is resilient. (AC +4)
You are immune to poison.
You resist negative energy. (rN+)
You are resistant to electric shocks. (rElec)
You can survive without breathing.
You are immune to petrification.
You are immune to rotting.


Message History

You slash the slave! You miss something. You hit the orc priest.
The slave barely misses you. Something hits you.
* * * LOW HITPOINT WARNING * * *
Pikel closely misses you.
A slave comes into view.
You closely miss Pikel.
Pikel is lightly wounded.
You closely miss the orc priest. You barely miss something.
The slave shouts!
You hit the slave. The orc priest misses you.
You hear some strange, mumbled words.
A magic dart appears from out of thin air!
The magic dart hits you!
* * * LOW HITPOINT WARNING * * *
The slave hits you but does no damage.
You hit Pikel.
Pikel is moderately wounded.
You hit the orc priest. You miss something. You hit the slave.
You closely miss the slave. Pikel hits you with a whip of flaming!
You die...

#.
#.#######
#.......#
#.......#
#.......#
#.......#
.....[oK#
.p..p.{@#
......pp#
#.......#
#......>#
#.......#
#########


You could see Pikel, 4 slaves and an orc priest.

Vanquished Creatures
  Grinder (D:3)
  An ogre (D:4)
  A hound (D:4)
  Ijyb (D:4)
  An iguana (D:4)
  Natasha (thrice) (D:4)
  8 adders
  An ooze (D:3)
  3 leopard geckos
  3 orcs (D:4)
  2 giant cockroaches
  12 goblins
  6 hobgoblins
  3 jackals (D:2)
  5 kobolds
  4 quokkas (D:3)
  2 ball pythons
  14 bats
  6 frilled lizards
  A quokka skeleton (D:4)
  11 rats
89 creatures vanquished.

Notes
Turn   | Place    | Note
-------+----------+-------------------------------------------
     0 | D:1      | Fang the Gargoyle Berserker began the quest for the Orb.
     0 | D:1      | Reached XP level 1. HP: 14/14 MP: 1/1
   169 | D:1      | Reached XP level 2. HP: 18/19 MP: 2/2
   205 | D:1      | Reached skill level 3 in Axes
   448 | D:2      | Reached ** piety under Trog
   448 | D:2      | Reached XP level 3. HP: 19/24 MP: 3/3
   816 | D:2      | Reached XP level 4. HP: 29/29 MP: 4/4
   921 | D:2      | Noticed Natasha
   922 | D:2      | Found a shimmering altar of Xom.
  1161 | D:2      | Found a shimmering altar of Xom.
  1177 | D:2      | You fall through a shaft for 2 floors!
  1190 | D:4      | Killed Natasha
  1190 | D:4      | Reached XP level 5. HP: 33/33 MP: 5/5
  1354 | D:4      | Noticed an ogre
  1362 | D:4      | Killed an ogre
  1362 | D:4      | Reached skill level 4 in Axes
  1495 | D:4      | Noticed Natasha
  1507 | D:4      | Killed Natasha
  1507 | D:4      | Reached XP level 6. HP: 23/38 MP: 6/6
  1535 | D:4      | Noticed Natasha
  1546 | D:4      | Killed Natasha
  2142 | D:4      | Reached skill level 1 in Stealth
  2172 | D:4      | Noticed Ijyb
  2183 | D:4      | Killed Ijyb
  2545 | D:3      | Found a burning altar of Makhleb.
  2686 | D:3      | Noticed Grinder
  2688 | D:3      | Paralysed by Grinder for 5 turns
  2698 | D:3      | Killed Grinder
  2698 | D:3      | Reached skill level 5 in Axes
  2698 | D:3      | Reached XP level 7. HP: 44/44 MP: 7/7
  2828 | D:3      | Reached *** piety under Trog
  3623 | D:5      | Entered Level 5 of the Dungeon
  3627 | D:5      | Noticed Pikel
  3644 | D:5      | Slain by Pikel

Skill      XL: |  1  2  3  4  5  6  7 |
---------------+----------------------+-----
Axes           | 3 4 5 |  5.5
Dodging        | 2 3 |  3.8
Fighting       | 4 |  4.5
Stealth        | 1 2 |  2.0
Armour         | |  2.5

Action                   |  1- 3 |  4- 6 |  7- 9 || total
-------------------------+-------+-------+-------++-------
Melee: Hand axe          |   132 |   125 |    54 ||   311
Invok: Berserk           |     1 |     6 |     1 ||     8
 Stab: Sleeping          |       |     3 |     2 ||     5
  Eat: Chunk             |       |     8 |     3 ||    11
       Ration            |       |     1 |       ||     1
Armor: Animal skin       |    59 |    50 |    28 ||   137
Dodge: Dodged            |   107 |    82 |    46 ||   235
